 Dungeon Crawl Stone Soup version 0.31-a0-7-g51783674b7 (webtiles) character file.

Game seed: 5182839125137452637

1404 avis the Cudgeller (level 8, -1/40 HPs)
             Began as a Vine Stalker Brigand on May 6, 2023.
             Was a High Priest of Uskayaw.
             Slain by a human
             ... wielding a +0 mace
              (8 damage)
             ... on level 6 of the Dungeon.
             The game lasted 00:38:50 (4580 turns).

avis the Cudgeller (Vine Stalker Brigand)           Turns: 4580, Time: 00:38:56

Health: -1/40      AC:  5    Str: 16    XL:     8   Next: 69%
Magic:  0/13       EV: 13    Int: 11    God:    Uskayaw [*****.]
Gold:   31         SH:  0    Dex: 21    Spells: 12/13 levels left

rFire   . . .        a - +7 mace of Royalism {vamp, Dex+5}
rCold   . . .        (no shield)
rNeg    . . .        e - +0 troll leather armour {Pargi}
rPois   .            (no helmet)
rElec   .            c - +0 cloak
rCorr   .            (no gloves)
SInv    .            (no boots)
Will    +....        y - amulet of magic regeneration
Stlth   +++          (no ring)
HPRegen 1.86/turn    (no ring)
MPRegen 0.53/turn

%: guardian spirit
@: no status effects
A: fangs 3, regeneration 1, magic shield, antimagic bite, no potion heal 2
a: Renounce Religion, Stomp, Line Pass, Grand Finale


You were on level 6 of the Dungeon.
You worshipped Uskayaw.
Uskayaw was noncommittal.
You visited 2 branches of the dungeon, and saw 7 of its levels.

You collected 319 gold pieces.
You spent 288 gold pieces at shops.

Inventory:

Hand Weapons
 a - the +7 mace of Royalism (weapon) {vamp, Dex+5}
   (You found it on level 4 of the Dungeon)

   Dex:       It affects your dexterity (+5).
 b - the +7 whip of Death {elec, rPois rN+ Stlth+}
   (You bought it in a shop on level 5 of the Dungeon)

   rPois:     It protects you from poison.
   rN:        It protects you from negative energy.
   Stlth:     It makes you more stealthy.
 w - a +4 sling
Missiles
 d - 30 poisoned darts (quivered)
 n - 2 silver boomerangs
 B - 3 curare-tipped darts
 K - a throwing net
Armour
 c - a +0 cloak (worn)
 e - a +0 troll leather armour (worn) {Pargi}
Jewellery
 y - an amulet of magic regeneration (around neck)
Scrolls
 h - 2 scrolls of silence {unknown}
 k - 2 scrolls of fear
 l - a scroll of magic mapping {unknown}
 m - 2 scrolls of noise {unknown}
 o - a scroll of immolation {unknown}
 p - a scroll of vulnerability {unknown}
 u - 2 scrolls of fog {unknown}
 x - a scroll of torment {unknown}
 C - 2 scrolls of teleportation {unknown}
 D - 2 scrolls of enchant weapon {unknown}
 H - a scroll of poison {unknown}
Potions
 f - 2 potions of haste
 g - 5 potions of curing
 i - a potion of berserk rage {unknown}
 j - 2 potions of ambrosia {unknown}
 q - a potion of flight {unknown}
 s - 2 potions of might
 z - 2 potions of lignification {unknown}
 A - a potion of attraction {unknown}
 G - a potion of degeneration {unknown}
 I - 2 potions of mutation {unknown}


   Skills:
 - Level 3.0 Fighting
 - Level 2.0 Short Blades
 * Level 6.3 Maces & Flails
 - Level 2.0 Throwing
 - Level 3.0 Dodging
 - Level 6.0 Stealth
 - Level 3.0 Spellcasting
 * Level 3.9 Invocations


You had 12 spell levels left.
You knew the following spells:

 Your Spells              Type           Power      Damage    Failure   Level
a - Slow                  Hex            4%         N/A       32%         1

Your spell library contained the following spells:

 Spells                   Type           Power      Damage    Failure   Level
 Cigotuvi's Dreadful Rot  Necr/Pois/Air  2%         N/A       43%         2
 Confusing Touch          Hex            1%         N/A       67%         3
 Ignite Poison            Fire/Tmut/Pois 1%         N/A       67%         3
 Vampiric Draining        Necr           1%         2d6       67%         3
 Freezing Cloud           Conj/Ice/Air   0%         6-21      100%        5


Dungeon Overview and Level Annotations

Branches:
Dungeon (6/15)             Temple (1/1) D:4

Altars:
Ashenzari
Cheibriados
Elyvilon
Fedhas
Gozag
Hepliaklqana
Kikubaaqudgha
Makhleb
Nemelex Xobeh
Okawaru
Qazlal
Ru
Sif Muna
Trog
Uskayaw
Vehumet
Wu Jian
Xom
Yredelemnul
Zin
The Shining One

Shops:
D:3 *   D:4 =   D:5 (

Annotations:
D:6 Blork the orc


Innate Abilities, Weirdness & Mutations

You have razor-sharp teeth.
Your natural rate of healing is unusually fast.
When hurt, damage is shared between your health and your magic reserves.
Your bite disrupts and absorbs the magic of your enemies.
Potions cannot restore your health.


Message History

You bite the scorpion, but do no damage.
The scorpion is almost dead.
You feel very sick.
The scorpion stings you but does no damage.
The human closely misses you. The scorpion closely misses you.
The human misses you. The human hits you but does no damage.
You hit the scorpion but do no damage.
The scorpion is almost dead.
You feel sick.
Blork the orc mumbles some strange words.
Blork the orc seems to speed up.
The scorpion barely misses you. The human barely misses you.
The human hits you with a +0 club. The human hits you.
The human barely misses you.
Okay, then.
You barely miss the scorpion.
The scorpion is almost dead.
You feel sick. The scorpion closely misses you. The human misses you.
The human hits you with a +0 mace!
* * * LOW HITPOINT WARNING * * *
The human misses you. The human hits you!
* * * LOW HITPOINT WARNING * * *
Your system rejects the healing.
You feel better. The scorpion completely misses you.
The human hits you with a +0 club!
* * * LOW HITPOINT WARNING * * *
The human hits you but does no damage. x2; The human hits you.
* * * LOW HITPOINT WARNING * * *
Uskayaw prepares the audience for your solo!
The helpless human fails to defend itself.
You hit the human.
You feel better.
You bite the human, but do no damage.
The human is lightly wounded.
The human is no longer paralysed.
The scorpion is no longer paralysed.
The scorpion barely misses you. The human misses you.
The scorpion barely misses you.
You sock the scorpion!
You feel better.
You kill the scorpion!
The human is no longer paralysed. x3; Blork the orc is no longer paralysed.
The human hits you with a +0 club.
* * * LOW HITPOINT WARNING * * *
The human hits you with a +0 mace!
You die...

.###.......# #
.....#.....# ###.....
#..#.#.....# #.#....# .
#####.....#####......#..
..#.#.#....#.#..........
......#.#...............
##.......#......?.......
#.....)..#..##..pp......
#........#†###..@po[....
......†.....#..)†p......
###......#...#.$#+###...
##.>..##......# .
#..#.########.# #..###
#... ... ##.... ....
.... .... ....


You could see 4 humans and Blork the orc (fast).

Vanquished Creatures
  A human (D:6)
  Eustachio (D:6)
  Pargi (D:3)
  A black bear (D:6)
  An ogre (D:4)
  A phantom (D:6)
  A kobold brigand (D:6)
  3 scorpions
  A bullfrog (D:4)
  A hound (D:5)
  2 orc priests (D:2)
  A sleepcap (D:4)
  9 orc wizards
  4 gnolls (D:5)
  5 adders
  An ufetubus (D:4)
  3 worms
  2 dart slugs
  14 orcs
  6 endoplasms
  4 giant cockroaches
  12 goblins
  4 hobgoblins
  3 quokkas
  7 ball pythons
  4 bats
  3 frilled lizards
  12 kobolds
  7 rats
115 creatures vanquished.

Vanquished Creatures (others)
  2 plants (D:1)
2 creatures vanquished.

Grand Total: 117 creatures vanquished

Notes
Turn   | Place    | Note
-------+----------+-------------------------------------------
     0 | D:1      | avis the Vine Stalker Brigand began the quest for the Orb.
     0 | D:1      | Reached XP level 1. HP: 11/11 MP: 2/2
    39 | D:1      | Reached skill level 1 in Dodging
    75 | D:1      | Reached skill level 5 in Stealth
   132 | D:1      | Reached XP level 2. HP: 14/15 MP: 3/3
   258 | D:1      | You fall into a shaft and drop 1 floor!
   463 | D:1      | Reached XP level 3. HP: 16/18 MP: 4/4
   926 | D:2      | Reached skill level 1 in Spellcasting
  1018 | D:2      | Gained mutation: Your natural rate of healing is unusually
                  | fast. [Vine Stalker growth]
  1018 | D:2      | Reached XP level 4. HP: 21/23 MP: 4/7
  1084 | D:2      | Identified the +0 leather armour of Caustic Intercession
                  | {-Tele rN+ Str+7}
  1256 | D:2      | Reached XP level 5. HP: 27/27 MP: 8/10
  1709 | D:3      | Found Catoumal's General Store.
  1870 | D:3      | Noticed Pargi
  2194 | D:3      | Killed Pargi
  2195 | D:3      | Reached XP level 6. HP: 32/32 MP: 11/11
  2326 | D:3      | Bought a scroll of identify for 26 gold pieces
  2326 | D:3      | Bought a scroll of fear for 52 gold pieces
  2355 | D:4      | Identified the +7 mace of Royalism {vamp, Dex+5}
  2467 | D:4      | Reached skill level 1 in Maces & Flails
  2643 | D:4      | Reached XP level 7. HP: 36/36 MP: 12/12
  2713 | D:4      | Found Qaclid's Jewellery Shop.
  2934 | D:4      | Found a staircase to the Ecumenical Temple.
  3120 | D:5      | Entered Level 5 of the Dungeon
  3238 | D:5      | Found Xuijaij's Antique Weapon Emporium.
  3346 | D:5      | Learned a level 1 spell: Slow
  3397 | D:5      | Reached skill level 5 in Maces & Flails
  3589 | D:5      | Found a broken altar of Ashenzari.
  3693 | D:5      | Found a white marble altar of Elyvilon.
  3693 | D:5      | Found a burning altar of Makhleb.
  4029 | Temple   | Entered the Ecumenical Temple
  4040 | Temple   | Became a worshipper of Uskayaw the Reveller
  4292 | D:5      | Bought a shimmering whip for 210 gold pieces
  4292 | D:5      | Identified the +7 whip of Death {elec, rPois rN+ Stlth+}
                  | (You bought it in a shop on level 5 of the Dungeon)
  4451 | D:6      | Reached * piety under Uskayaw
  4454 | D:6      | Reached ** piety under Uskayaw
  4473 | D:6      | Noticed Eustachio
  4478 | D:6      | Gained mutation: You have razor-sharp teeth. [Vine Stalker
                  | growth]
  4478 | D:6      | Reached XP level 8. HP: 40/40 MP: 13/13
  4487 | D:6      | Reached *** piety under Uskayaw
  4489 | D:6      | Killed Eustachio
  4490 | D:6      | Reached skill level 1 in Invocations
  4494 | D:6      | Reached **** piety under Uskayaw
  4569 | D:6      | Reached ***** piety under Uskayaw
  4572 | D:6      | Noticed Blork the orc
  4578 | D:6      | HP: 1/40 [human (2)]
  4580 | D:6      | Slain by a human

Illustrated notes

Levels and vault maps discovered:
D:1:      tarquinn_simple_flora_water_b, layout_loops_ring,
          minmay_misc_feat_room
D:2:      cheibrodos_pilgrimage, layout_basic, minmay_tromino_v4_c
D:3:      layout_rooms, serial_shops, shop, nrook_uturn, uniq_pargi
D:4:      layout_rooms, minmay_temple_entry_from_below_b, serial_shops,
          shop_statue, minmay_a_box_with_orc_wizards_in_it
D:5:      layout_basic, mainiacjoe_overflow_24_doors, minitemple, serial_shops,
          nicolae_shop_advertising_works [nicolae_subvault_shop_adworks]
D:6:      layout_cave_pools, grunt_decor_mini_mirrors, minmay_ruffians,
          uniq_eustachio, uniq_blork_the_orc
Temple:   nicolae_temple_bog_church

Skill      XL: |  1  2  3  4  5  6  7  8 |
---------------+-------------------------+-----
Fighting       | 2 3 |  3.0
Dodging        | 1 2 3 |  3.0
Stealth        | 5 6 |  6.0
Short Blades   | 2 |  2.0
Throwing       | 2 |  2.0
Spellcasting   | 1 2 3 |  3.0
Maces & Flails | 2 5 6 |  6.3
Invocations    | 3 |  3.9

Action                     |  1- 3 |  4- 6 |  7- 9 || total
---------------------------+-------+-------+-------++-------
  Melee: Dagger            |    85 |    66 |       ||   151
         Bite              |    23 |    29 |    28 ||    80
         Mace              |       |    37 |    79 ||   116
         Punch             |       |       |     1 ||     1
         Whip              |       |       |    24 ||    24
   Fire: Sling             |       |    13 |       ||    13
  Throw: Dart              |       |     7 |     3 ||    10
    Use: Scroll            |       |       |     2 ||     2
         Potion            |       |       |     1 ||     1
   Stab: Sleeping          |    11 |     3 |    11 ||    25
         Distracted        |     1 |       |       ||     1
         Paralysed         |       |       |     3 ||     3
 Armour: Robe              |    17 |       |       ||    17
         Leather armour    |       |    18 |       ||    18
         Troll leather arm |       |    11 |    29 ||    40
  Dodge: Dodged            |    28 |    77 |    82 ||   187

Table legend: (Time is in decaauts)
 A = Elapsed time spent in this place.
 B = Non-inter-level travel time spent in this place.
 C = Inter-level travel time spent in this place.
 D = Time resting spent in this place.
 E = Time spent auto-exploring this place.
 F = Levels seen in this place.
 G = Mean time per level.
                   A        B        C        D        E       F      G
               +--------+--------+--------+--------+--------+-----+--------+
         Total |   4603 |   3932 |    671 |    110 |   2401 |   7 |  657.6 |
       Dungeon |   4379 |   3725 |    654 |    110 |   2242 |   6 |  729.8 |
        Temple |    223 |    207 |     16 |      0 |    159 |   1 |  223.0 |
               +--------+--------+--------+--------+--------+-----+--------+

Top non-repeatable levels by time:
     D:5: 1016 daAuts
     D:2: 968 daAuts
     D:4: 813 daAuts
     D:1: 748 daAuts
     D:3: 701 daAuts
  Temple: 223 daAuts
     D:6: 130 daAuts
